 Dungeon Crawl Stone Soup version 0.18-a0-373-gaf408bd (webtiles) character file.

74282 Raultor the Carver (level 15, -23/134 HPs)
             Began as a Yellow Draconian Fighter on Nov 29, 2015.
             Was the Champion of Ru.
             Annihilated by an orc warrior
             ... wielding a +0 long sword
             ... led by an orc warlord
              (31 damage)
             ... while paralysed by an orc sorcerer
             ... on level 4 of the Orcish Mines.
             The game lasted 01:54:20 (29732 turns).

Raultor the Carver (Yellow Draconian Fighter)      Turns: 29732, Time: 01:54:20

Health: -23/134    AC:  5    Str: 21    XL:     15   Next: 6%
Magic:  13/13      EV:  2    Int: 11    God:    Ru [******]
Gold:   2070       SH:  0    Dex: 16    Spells: 1 memorised, 10 levels left

rFire  . . .     SeeInvis .     b - +2 scimitar (freeze)
rCold  . . .     Clarity  .     (armour unavailable)
rNeg   . . .     SustAt   +     u - +1 shield
rPois  +         Gourm    +     (helmet restricted)
rElec  .         Spirit   .     m - +2 cloak {rPois}
rCorr  +         Warding  .     v - +2 pair of gloves
rMut   .         Stasis   .     q - +0 pair of boots
MR     +....                    r - amulet of the gourmand
Stlth  ..........               T - +2 ring of strength
                                R - ring of sustain attributes

@: paralysed, corroded equipment, drained, somewhat resistant to hostile
enchantments, extremely unstealthy
A: spit acid, acid resistance, unfitting armour, agile 1, low mp 1, mutation
resistance 1, acidic bite, cold-blooded, no stealth, inability to use devices,
hated by all, no hexes magic, no poison magic, no summoning magic, vulnerability
to harm 1, AC +9
a: Spit Acid, Draw Out Power, Power Leap, Apocalypse, Renounce Religion


You were on level 4 of the Orcish Mines.
You worshipped Ru.
Ru was exalted by your worship.
You were completely stuffed.

You visited 4 branches of the dungeon, and saw 24 of its levels.

You collected 2730 gold pieces.
You spent 660 gold pieces at shops.

Inventory:

Hand Weapons
 a - a +1 scimitar of flaming
 b - a +2 scimitar of freezing (weapon)
 s - a +2 long sword of holy wrath
 F - a +0 blowgun
Missiles
 l - 4 javelins of penetration
 t - 67 poisoned needles
 G - a throwing net (quivered)
Armour
 m - a +2 cloak of poison resistance (worn)
 q - a +0 pair of boots (worn)
 u - a +1 shield (worn)
 v - a +2 pair of gloves (worn)
Magical Staves
 P - an uncursed staff of air
Jewellery
 h - the amulet "Daisedd" {+Rage Str+3}
   (You found it on level 8 of the Lair of Beasts)

   [amulet of rage]

   It affects your strength (+3).
   It lets you go berserk.
 r - an amulet of the gourmand (around neck)
 w - an uncursed ring of positive energy
 K - an uncursed ring of poison resistance
 R - a ring of sustain attributes (left hand)
 T - a +2 ring of strength (right hand)
Scrolls
 e - 2 scrolls of blinking
 i - 7 scrolls of enchant armour
 n - a scroll of magic mapping
 p - a scroll of torment
 y - 9 scrolls of teleportation
 A - 7 scrolls of remove curse
 D - 5 scrolls of identify
 E - 2 scrolls of amnesia
 L - 2 scrolls of enchant weapon
Potions
 k - a potion of cure mutation
 z - 2 potions of cancellation
 B - 3 potions of might
 C - 5 potions of curing
 H - a potion of haste
 N - 2 potions of berserk rage
 S - 5 potions of heal wounds
Books
 I - the Almanac of Earth
   (You found it on level 8 of the Lair of Beasts)

   Spells                             Type                      Level
   a - Sandblast                      Earth                        1
   b - Passwall                       Transmutation/Earth          3
   c - Bolt of Magma                  Conjuration/Fire/Earth       5
   d - Lee's Rapid Deconstruction     Earth                        5
 J - a book of the Sky

   Spells                             Type                      Level
   a - Summon Lightning Spire         Summoning/Air                4
   b - Airstrike                      Air                          4
   c - Silence                        Hexes/Air                    5
   d - Deflect Missiles               Charms/Air                   6
   e - Conjure Ball Lightning         Conjuration/Air              6
   f - Tornado                        Air                          9
 V - an Akashic Record

   Spells                             Type                      Level
   a - Dispersal                      Translocation                6
   b - Malign Gateway                 Summoning/Translocation      7
   c - Disjunction                    Translocation                8
   d - Controlled Blink               Translocation                8
 W - a book of Hinderance

   Spells                             Type                      Level
   a - Confusing Touch                Hexes                        2
   b - Confuse                        Hexes                        3
   c - Gell's Gravitas                Hexes/Translocation          3
   d - Petrify                        Transmutation/Earth          4
   e - Metabolic Englaciation         Hexes/Ice                    5
   f - Yara's Violent Unravelling     Hexes/Transmutation          5
Comestibles
 c - 5 beef jerkies
 d - 14 bread rations
 f - 2 chunks of flesh
 g - 6 slices of pizza
 j - 13 royal jellies
 o - 16 fruits
 x - 5 meat rations


   Skills:
 + Level 12.4(11.8) Fighting
 - Level 14.1(13.4) Long Blades
 - Level 0.3(0.0) Throwing
 + Level 11.9(11.3) Dodging
 + Level 13.6(12.9) Shields
 * Level 5.7(5.2) Air Magic


You had 10 spell levels left.
You knew the following spells:

 Your Spells              Type           Power        Failure   Level  Hunger
a - Airstrike             Air            ##........   61%         4    #####..


Dungeon Overview and Level Annotations

Branches:
Dungeon (11/15)            Temple (1/1) D:7            Lair (8/8) D:11
  Swamp (0/4) Lair:4       Spider (0/4) Lair:5        Slime (0/6) Lair:8
    Orc (4/4) D:11            Elf (0/3) Orc:3

Altars:
Ashenzari
Cheibriados
Dithmenos
Elyvilon
Fedhas
Gozag
Kikubaaqudgha
Makhleb
Nemelex Xobeh
Okawaru
Qazlal
Ru
Sif Muna
Trog
Vehumet
Xom
Yredelemnul
Zin
The Shining One
Beogh

Shops:
D:4 *   D:8 =   Orc:4 [!?


Innate Abilities, Weirdness & Mutations

You can spit globs of acid.
You are resistant to acid.
Your golden yellow scales are hard (AC +9).
Your body does not fit into most forms of armour.
Your magical capacity is low (-10% MP).
You have acidic saliva.
You are cold-blooded and may be slowed by cold attacks.
You cannot be stealthy.
You cannot study or use magical devices.
You are hated by all.
You cannot study or cast Hexes magic.
You cannot study or cast Poison magic.
You cannot study or cast Summoning magic.
You take slightly more damage. (-3 AC)
You are agile. (Dex +2)
You are somewhat resistant to further mutation.


Message History

* * * LOW HITPOINT WARNING * * *
The orc hits you.
* * * LOW HITPOINT WARNING * * *
The rust devil hits you.
The orc wizard gestures at you while chanting.
The magic dart hits you!
* * * LOW HITPOINT WARNING * * *
The orc warrior hits you from afar with a trident!
* * * LOW HITPOINT WARNING * * *
The orc warlord hits you with a great mace!
* * * LOW HITPOINT WARNING * * *
The orc sorcerer casts a spell at you. You resist with some effort.
The rust devil hits you. The rust devil corrodes you!
The orc warrior completely misses you.
The orc sorcerer begins to cast a spell, but is stunned by your will!
The orc warlord roars a battlecry!
The rust devil disappears in a puff of smoke!
The orc warrior hits you with a long sword!!
You die...

.......#.........................
......##.........................
.......#.........................
.......##..........<.............
........#........................
.................................
................)................
..............).o§)..............
.............[)o@oo.o............
#..######.....[ooo...........#...
#..#...∩#......oo...(.......#....
#..#....#.......o...............#
.[[#....#.......................#
.).##'###.......3......#.....#.##
..)[...).................(....###
...##'###..........o#....(...###.
#..#....#....................####


You could see an orc warlord, a smoke demon (paralysed), an orc sorcerer
(frenzied), 2 orc warriors, an orc priest (frenzied), 2 orc wizards and 5 orcs.

Vanquished Creatures
  Kirke (Lair:8)
  An azure jelly (Lair:8)
  The ghost of emiel the Protected, a journeyman DsEE of Cheibriados (Lair:5)
  3 hydras
  Erica (D:8)
  A centaur warrior (D:9)
  4 catoblepae
  16 death yaks
  Urug (Orc:1)
  7 orc high priests
  Pikel (D:8)
  3 griffons
  4 hill giants
  3 orc knights
  A lindwurm (Lair:6)
  An ugly thing (D:11)
  An oklob plant (Lair:8)
  A cyclops (D:11)
  4 elephants (Lair:8)
  Maurice (Orc:1)
  Joseph (D:9)
  11 spiny frogs
  2 torpor snails
  A centaur zombie (D:10)
  9 black mambas
  10 komodo dragons
  3 fire drakes
  A two-headed ogre (D:10)
  2 trolls
  A queen bee (D:9)
  25 blink frogs
  2 polar bears
  A boulder beetle (Lair:5)
  6 hogs (Lair:8)
  A spriggan (D:7)
  A wyvern (D:11)
  A deep elf mage (D:11)
  3 basilisks
  51 yaks
  Grum (D:10)
  12 hippogriffs
  2 swamp worms (Lair:4)
  18 water moccasins
  5 wargs (Orc:4)
  3 wolves (D:10)
  12 porcupines
  3 sky beasts
  4 slaves (D:8)
  3 ice beasts
  3 wasps
  19 orc warriors
  10 ogres
  2 eyes of draining
  2 phantoms
  14 crocodiles
  A centaur (D:5)
  20 giant frogs
  3 big kobolds
  A gnoll sergeant (D:6)
  29 killer bees
  5 scorpions
  5 wights
  An electric eel (D:7)
  10 crimson imps
  A wasp zombie (D:8)
  3 giant frog zombies
  2 jellies
  A quasit (D:5)
  6 worker ants
  32 orc priests
  7 hounds
  2 giant frog skeletons
  7 hell rats (Lair:5)
  7 iguanas
  4 centaur skeletons
  A gnoll shaman (D:7)
  27 orc wizards
  8 sheep
  2 hound skeletons
  A hound zombie (D:8)
  11 gnolls
  12 adders
  3 shadow imps
  30 river rats
  3 worms
  3 adder skeletons
  6 giant geckos
  170 orcs
  2 ball pythons
  7 bats
  8 hobgoblins
  21 kobolds
  2 quokkas
  5 giant cockroaches
  A giant gecko skeleton (D:6)
  A giant gecko zombie (D:5)
  5 giant newts
  9 goblins
  9 jackals
  A quokka skeleton (D:5)
  4 rats
800 creatures vanquished.

Vanquished Creatures (others)
  A komodo dragon (Lair:2)
  A troll (Orc:3)
  A blink frog (Lair:6)
  An ogre (Orc:1)
  A crimson imp (D:8)
  A river rat (Lair:7)
  6 orcs
  A kobold (D:11)
  27 fungi
  9 plants (Lair:8)
49 creatures vanquished.

Grand Total: 849 creatures vanquished

Notes
Turn   | Place    | Note
--------------------------------------------------------------
     0 | D:1      | Raultor the Draconian Fighter began the quest for the Orb.
     0 | D:1      | Reached XP level 1. HP: 19/19 MP: 1/1
    83 | D:1      | Reached XP level 2. HP: 13/26 MP: 2/2
   305 | D:1      | You fall through a shaft!
   584 | D:2      | Reached XP level 3. HP: 22/33 MP: 3/3
  1150 | D:2      | Reached skill level 4 in Fighting
  1162 | D:2      | Reached XP level 4. HP: 27/40 MP: 4/4
  1557 | D:3      | Reached XP level 5. HP: 29/47 MP: 5/5
  1625 | D:3      | Found a faded altar to an unknown god.
  2644 | D:4      | Reached XP level 6. HP: 53/53 MP: 6/6
  2645 | D:4      | Found Ficullol's Assorted Antiques.
  2651 | D:4      | Bought a runed long sword for 87 gold pieces
  2651 | D:4      | Bought a scroll labeled BIUQOOM ZAELIO for 25 gold pieces
  2800 | D:4      | Found an opulent altar of Gozag.
  3082 | D:5      | Entered Level 5 of the Dungeon
  3124 | D:5      | Reached skill level 5 in Long Blades
  3168 | D:5      | Found a basalt altar of Yredelemnul.
  3251 | D:5      | Reached skill level 5 in Shields
  3251 | D:5      | Your scales start taking on a golden yellow colour.
  3251 | D:5      | Reached XP level 7. HP: 35/60 MP: 7/7
  3378 | D:5      | Found a white marble altar of Elyvilon.
  3661 | D:5      | Reached skill level 6 in Long Blades
  4092 | D:6      | Found an iron altar of Okawaru.
  4453 | D:6      | Found a shimmering altar of Xom.
  4519 | D:6      | Reached skill level 7 in Long Blades
  4519 | D:6      | Reached XP level 8. HP: 67/67 MP: 8/8
  5138 | D:7      | Reached skill level 8 in Long Blades
  5725 | D:7      | Reached skill level 1 in Evocations
  5812 | D:7      | Reached skill level 9 in Long Blades
  5951 | D:7      | Found a shimmering altar of Xom.
  6017 | D:7      | Found a staircase to the Ecumenical Temple.
  6030 | Temple   | Entered the Ecumenical Temple
  6159 | Temple   | Became a worshipper of Ru the Awakened
  6200 | D:7      | Reached XP level 9. HP: 72/72 MP: 9/9
  6276 | D:8      | Found Onwy's Jewellery Shoppe.
  6476 | D:8      | Found a shadowy altar of Dithmenos.
  6920 | D:8      | Reached skill level 10 in Long Blades
  7123 | D:8      | Noticed Pikel
  7129 | D:8      | Killed Pikel
  7260 | D:8      | Reached skill level 11 in Long Blades
  7373 | D:8      | Noticed Erica
  7430 | D:9      | Noticed Joseph
  7442 | D:9      | Killed Joseph
  7442 | D:9      | Reached skill level 5 in Fighting
  7448 | D:9      | Gained mutation: You are somewhat resistant to further mutation. [potion of mutation]
  7448 | D:9      | Gained mutation: You are agile. (Dex +2) [potion of mutation]
  7669 | D:9      | Reached XP level 10. HP: 81/81 MP: 0/11
  7830 | D:9      | Found a burning altar of Makhleb.
  7830 | D:9      | Noticed an Executioner
  7834 | D:9      | Found a glowing silver altar of Zin.
  7834 | D:9      | Noticed an angel
  7865 | D:9      | Noticed a centaur warrior
  7872 | D:9      | Killed a centaur warrior
  7924 | D:10     | Entered Level 10 of the Dungeon
  8265 | D:9      | Reached skill level 10 in Shields
  8291 | D:9      | Gained mutation: You are hated by all. [Ru sacrifice]
  8291 | D:9      | Reached * piety under Ru
  8715 | D:9      | Found a burning altar of Makhleb.
  8758 | D:9      | Reached skill level 5 in Dodging
  9252 | D:9      | Found a deep blue altar of Sif Muna.
  9270 | D:8      | Reached XP level 11. HP: 91/91 MP: 13/13
  9304 | D:8      | Killed Erica
 10547 | D:10     | Noticed a hill giant
 10557 | D:10     | Killed a hill giant
 11038 | D:10     | Noticed Grum
 11044 | D:10     | Killed Grum
 11308 | D:10     | Gained mutation: You take slightly more damage. (-3 AC) [Ru sacrifice]
 11308 | D:10     | Reached ** piety under Ru
 12158 | D:11     | Reached skill level 5 in Evocations
 12235 | D:11     | Noticed a hill giant
 12248 | D:11     | Killed a hill giant
 12582 | D:11     | Found a staircase to the Orcish Mines.
 12699 | D:11     | Found a staircase to the Lair.
 12729 | D:11     | Noticed a hill giant
 12754 | D:11     | Killed a hill giant
 12834 | D:11     | Noticed a hill giant
 12852 | D:11     | Killed a hill giant
 13005 | D:11     | Reached XP level 12. HP: 95/103 MP: 16/16
 13383 | Lair:1   | Entered Level 1 of the Lair of Beasts
 13471 | Lair:1   | Gained mutation: You cannot be stealthy. [Ru sacrifice]
 15459 | Lair:3   | Gained mutation: Your magical capacity is low (-10% MP). [Ru sacrifice]
 15459 | Lair:3   | Reached *** piety under Ru
 15516 | Lair:3   | Found a frozen archway.
 16491 | Lair:4   | Noticed a four-headed hydra
 16504 | Lair:4   | Killed a one-headed hydra
 17086 | Lair:4   | Found a staircase to the Swamp.
 17718 | Lair:5   | Found a hole to the Spider Nest.
 17745 | Lair:5   | Noticed emiel's ghost (journeyman DsEE)
 17746 | Lair:5   | Gained mutation: You cannot study or use magical devices. [Ru sacrifice]
 17746 | Lair:5   | Reached **** piety under Ru
 17746 | Lair:5   | Reached ***** piety under Ru
 17831 | Lair:5   | Killed emiel's ghost
 17831 | Lair:5   | Reached skill level 12 in Shields
 18117 | Lair:5   | Reached skill level 10 in Fighting
 18497 | Lair:5   | Reached XP level 13. HP: 113/113 MP: 11/11
 19169 | Lair:6   | Reached skill level 10 in Dodging
 21205 | Lair:7   | Learned a level 4 spell: Airstrike
 21383 | Lair:7   | Reached skill level 1 in Air Magic
 21874 | Lair:8   | Entered Level 8 of the Lair of Beasts
 21874 | Lair:8   | Found a labyrinth entrance.
 21874 | Lair:8   | Found a staircase to the Slime Pits.
 22016 | Lair:7   | Reached skill level 13 in Long Blades
 22483 | Lair:8   | Gained mutation: You have acidic saliva. [Yellow Draconian growth]
 22483 | Lair:8   | Reached XP level 14. HP: 112/124 MP: 12/12
 22513 | Lair:8   | Noticed Kirke
 22667 | Lair:8   | Killed Kirke
 24996 | Lair:8   | Gained mutation: You cannot study or cast Poison magic. [Ru sacrifice]
 24996 | Lair:8   | Gained mutation: You cannot study or cast Hexes magic. [Ru sacrifice]
 24996 | Lair:8   | Gained mutation: You cannot study or cast Summoning magic. [Ru sacrifice]
 24996 | Lair:8   | Reached ****** piety under Ru
 25153 | Lair:8   | Got a scorched zirconium amulet
 25155 | Lair:8   | Identified the amulet "Daisedd" {+Rage Str+3} (You found it on level 8 of the Lair of Beasts)
 25186 | Lair:8   | Identified the Almanac of Earth
 25524 | Lair:8   | Noticed an azure jelly
 25537 | Lair:8   | Killed an azure jelly
 25537 | Lair:8   | Reached skill level 14 in Long Blades
 26289 | Orc:1    | Entered Level 1 of the Orcish Mines
 26294 | Orc:1    | Noticed Maurice
 26306 | Orc:1    | Killed Maurice
 26306 | Orc:1    | Reached skill level 5 in Air Magic
 26311 | Orc:1    | Noticed Urug
 26474 | Orc:1    | Killed Urug
 27545 | Orc:3    | Found a staircase to the Elven Halls.
 28389 | Orc:4    | Entered Level 4 of the Orcish Mines
 28810 | Orc:4    | Found Kuvif's Armour Emporium.
 29265 | Orc:4    | Found a roughly hewn altar of Beogh.
 29291 | Orc:4    | Reached XP level 15. HP: 92/134 MP: 8/13
 29605 | Orc:4    | Found Bueva's Distillery.
 29605 | Orc:4    | Found Lobb's Magic Scroll Shop.
 29619 | Orc:4    | Bought a potion of heal wounds for 80 gold pieces
 29619 | Orc:4    | Bought a potion of might for 64 gold pieces
 29619 | Orc:4    | Bought a potion of might for 64 gold pieces
 29619 | Orc:4    | Bought a potion of heal wounds for 80 gold pieces
 29619 | Orc:4    | Bought a potion of heal wounds for 80 gold pieces
 29628 | Orc:4    | Bought 2 scrolls of enchant weapon for 180 gold pieces
 29728 | Orc:4    | Paralysed by an orc sorcerer for 4 turns
 29732 | Orc:4    | Annihilated by an orc warrior

Vault maps used:
D:1:      dpeg_arrival_simpleton_b
D:2:      first_bread
D:3:      ecumenical_altar_1
D:4:      serial_shops, nicolae_shop_stone, eino_small_chamber_without_monster,
          grunt_gozag_breadcrumbs
D:5:      elyvilon_altar_5, basic_altar
D:6:      basic_altar, okawaru_gym_becter
D:7:      kennysheep_mini, temple_doors_d, minmay_misc_feat_four_crosses,
          the_bakery, kennysheep_potato
D:8:      old_standard_altar, serial_shops, shop, serial_bayou_pond_e,
          uniq_erica, uniq_pikel
D:9:      grunt_temple_overflow_order_and_chaos_2, overflow_temple_1_default,
          nicolae_wwwww, minivault_20, bloody_makhleb, uniq_joseph
D:10:     serial_glass, glass_columns_b, glass_columns_a,
          minmay_strange_pillars, uniq_grum
D:11:     lair_0_dummy, hiddenorc2_lemuel
Temple:   hc_temple_tempest_star
Lair:2:   beast_lair_carwin_2
Lair:3:   portal_ice_cave_entry_pillars_02
Lair:4:   minmay_swamp_entry_worms
Lair:5:   spider_nest_entry_web_field, grunt_megastairs_3
Lair:6:   grunt_megastairs_4, serial_bayou_shore_a
Lair:7:   grunt_megastairs_2
Lair:8:   evilmike_catoblepas_cave, minmay_slime_entry_oklob_open,
          lab_entry_generic, bh_autumn_forest_stairs, uniq_kirke
Orc:1:    uniq_urug, uniq_maurice
Orc:3:    nicolae_orc_pool_cavern
Orc:4:    st_orc_town, serial_shops, shop, minmay_orc_treasury

Action                   |  1- 3 |  4- 6 |  7- 9 | 10-12 | 13-15 || total
-------------------------+-------+-------+-------+-------+-------++-------
Melee: Long sword        |   133 |   186 |    92 |    79 |       ||   490
       Scimitar          |       |       |   294 |  1115 |  1433 ||  2842
 Fire: Blowgun           |       |       |     2 |       |       ||     2
Invok: Sacrifice Love    |       |       |       |     1 |       ||     1
       Sacrifice Health  |       |       |       |     1 |       ||     1
       Power Leap        |       |       |       |     1 |     8 ||     9
       Sacrifice Essence |       |       |       |     1 |       ||     1
       Sacrifice Stealth |       |       |       |     1 |       ||     1
       Sacrifice Artific |       |       |       |     1 |       ||     1
       Draw Out Power    |       |       |       |       |     1 ||     1
       Reject Sacrifices |       |       |       |       |     1 ||     1
       Sacrifice Arcana  |       |       |       |       |     1 ||     1
 Abil: Spit Acid         |       |       |    11 |    17 |     7 ||    35
Evoke: Wand              |       |     2 |     3 |     7 |       ||    12
  Use: Potion            |     3 |     1 |     2 |     5 |     2 ||    13
       Scroll            |       |       |     6 |    19 |     1 ||    26
 Stab: Sleeping          |     2 |     4 |       |     1 |       ||     7
       Paralysed         |       |     5 |       |     2 |    22 ||    29
       Invisible         |       |       |     1 |     4 |     9 ||    14
       Distracted        |       |       |       |     5 |    13 ||    18
  Eat: Chunk             |     7 |    13 |    15 |    41 |    39 ||   115
